 Dungeon Crawl Stone Soup version 0.24-a0-441-g27f0392e16 (webtiles) character file.

Game seed: 4251467298204544001

926 forest the Covert (level 7, -4/36 HPs)
             Began as a Spriggan Assassin on June 19, 2019.
             Was a Follower of Okawaru.
             Shot with an arrow by a centaur (12 damage)
             ... on level 5 of the Dungeon.
             The game lasted 00:16:21 (6967 turns).

forest the Covert (Spriggan Assassin)               Turns: 6967, Time: 00:16:21

Health: -4/36      AC:  3    Str: 13    XL:     7   Next: 85%
Magic:  8/8        EV: 21    Int: 13    God:    Okawaru [*.....]
Gold:   247        SH:  0    Dex: 21    Spells: 6/6 levels left

rFire    . . .     SeeInvis +   a - +6 dagger
rCold    . . .     Gourm    .   (shield restricted)
rNeg     . . .     Faith    .   b - +0 robe
rPois    .         Spirit   .   (helmet restricted)
rElec    .         Reflect  .   c - +0 cloak
rCorr    .         Harm     .   (gloves unavailable)
MR       +....                  (boots unavailable)
Stlth    +++++.....             (no amulet)
HPRegen  0.12/turn              p - +5 ring of strength
MPRegen  0.11/turn              n - +3 ring of dexterity

@: lethally poisoned (-4 -> -6), very quick
A: very small, unfitting armour, see invisible, herbivore, speed 3, slow
metabolism 2
a: Heroism, Renounce Religion


You were on level 5 of the Dungeon.
You worshipped Okawaru.
Okawaru was aware of your devotion.
You were not hungry.

You visited 1 branch of the dungeon, and saw 5 of its levels.

You collected 247 gold pieces.

Inventory:

Hand Weapons
 a - a +6 dagger (weapon)
 i - a +0 hunting sling
Missiles
 d - 18 poisoned darts (quivered)
 e - 2 curare-tipped darts
 g - 142 stones
 t - 18 sling bullets
Armour
 b - a +0 robe (worn)
 c - a +0 cloak (worn)
Jewellery
 h - an uncursed ring of protection from fire
 k - an uncursed ring of protection from magic
 n - a +3 ring of dexterity (right hand)
 p - a +5 ring of strength (left hand)
Scrolls
 m - 2 scrolls of teleportation
 s - 2 scrolls of enchant armour {unknown}
Potions
 j - a potion of magic
 l - 2 potions of curing
 o - a potion of cancellation
 q - a potion of berserk rage
 r - a potion of heal wounds
Comestibles
 f - 2 rations


   Skills:
 + Level 3.0 Fighting
 + Level 5.0 Short Blades
 + Level 2.6(3.7) Slings
 + Level 3.3(3.6) Throwing
 + Level 4.8 Dodging
 + Level 10.0 Stealth


You had 6 spell levels left.
You didn't know any spells.
Your spell library was empty.

Dungeon Overview and Level Annotations

Branches:
Dungeon (5/15)
 Temple: D:4-7

Altars:
Fedhas
Nemelex Xobeh
Okawaru
Ru
Trog
Uskayaw
Wu Jian


Innate Abilities, Weirdness & Mutations

You are very small and have problems with some larger weapons.
You are too small for most types of armour.
You have supernaturally acute eyesight. (SInv)
You are a herbivore.
You cover ground extremely quickly.
You need to consume almost no food.


Message History

t - 18 sling bullets You feel sick.
The worker ant completely misses you.
The crimson imp shouts!
The jelly quivers.
You hit the worker ant.
The worker ant is moderately wounded.
You hear a shout! x3
The worker ant misses you. The crimson imp completely misses you.
You feel sick. The crimson imp barely misses you.
The centaur shoots an arrow.
The arrow misses you.
The centaur shoots an arrow.
The arrow hits you!
The crimson imp blinks!
You see here an arrow.
The centaur shoots an arrow.
The arrow hits you!
* * * LOW HITPOINT WARNING * * *
You see here an arrow.
The centaur shoots an arrow.
The arrow barely misses you.
You feel sick.
The centaur shoots an arrow.
The arrow completely misses you.
The centaur shoots an arrow.
The arrow hits you!
You die...

.#..........## #..#
.#...........###.##
.#...............# ..##.
##.........###.#####..#.
##....................
#####.....#...###...#
#....(.(........# .
##....J.(c.Y....### .
##.@#..a..##.....##.
#..<#.Z.g....#......
#.........5.##.(....
#.#(......#...(...).
...#............(....
...###c#...##...(......
##.. ..g#...##...#..[<..
#. ...........#.(..)..Z
# #..............[.....


You could see a sky beast, 2 centaurs, a jelly and a gnoll.

Vanquished Creatures
  The ghost of vurker the Chopper, an amateur DsGl of Qazlal (D:4)
  2 ogres (D:4)
  A crimson imp (D:4)
  A gnoll shaman (D:4)
  A bullfrog skeleton (D:5)
  4 iguanas
  3 orc wizards
  3 worker ants
  Robin (D:4)
  5 gnolls (D:4)
  8 adders
  2 oozes
  3 adder skeletons (D:4)
  4 worms (D:2)
  2 dart slugs
  A leopard gecko (D:1)
  12 orcs
  3 giant cockroaches
  13 goblins
  12 hobgoblins
  6 jackals (D:3)
  6 kobolds
  6 quokkas
  5 ball pythons
  5 bats
  2 frilled lizards (D:2)
  8 rats
120 creatures vanquished.

Notes
Turn   | Place    | Note
-------+----------+-------------------------------------------
     0 | D:1      | forest the Spriggan Assassin began the quest for the Orb.
     0 | D:1      | Reached XP level 1. HP: 10/10 MP: 2/2
    10 | D:1      | Reached skill level 6 in Stealth
   120 | D:1      | Reached XP level 2. HP: 14/14 MP: 3/3
   631 | D:2      | Found a sparkling altar of Nemelex Xobeh.
   632 | D:2      | Found an ornate altar of the Wu Jian Council.
   633 | D:2      | Found an iron altar of Okawaru.
   983 | D:2      | Reached skill level 7 in Stealth
   983 | D:2      | Reached XP level 3. HP: 18/18 MP: 4/4
  1796 | D:2      | Found a faded altar of an unknown god.
  1803 | D:2      | Reached XP level 4. HP: 23/23 MP: 5/5
  2156 | D:2      | Found a blossoming altar of Fedhas.
  2391 | D:2      | Found a hide-covered altar of Uskayaw.
  2599 | D:3      | Reached XP level 5. HP: 15/26 MP: 6/6
  2908 | D:3      | Reached skill level 8 in Stealth
  3080 | D:4      | Found a runed translucent door.
  3080 | D:4      | Noticed vurker's ghost (amateur DsGl)
  3087 | D:4      | Killed vurker's ghost
  3087 | D:4      | Reached XP level 6. HP: 30/30 MP: 7/7
  3113 | D:4      | Reached skill level 9 in Stealth
  4266 | D:4      | Found a bloodstained altar of Trog.
  4412 | D:4      | Noticed Robin
  4488 | D:4      | Reached XP level 7. HP: 33/35 MP: 8/8
  5180 | D:4      | Killed Robin
  5395 | D:4      | Found a sacrificial altar of Ru.
  5475 | D:2      | Became a worshipper of Warmaster Okawaru
  5646 | D:5      | Entered Level 5 of the Dungeon
  6387 | D:4      | Reached skill level 5 in Short Blades
  6387 | D:4      | Reached skill level 1 in Slings
  6387 | D:4      | Reached skill level 10 in Stealth
  6545 | D:4      | Reached * piety under Okawaru
  6967 | D:5      | Shot with an arrow by a centaur

Levels and vault maps discovered:
D:1:      dpeg_arrival_long_road, layout_loops_ring, minmay_strange_pillars
D:2:      layout_loops_ring, nicolae_overflow_hidden_temple, marbit_many_paths,
          chequers_temple_overflow_statue_of_worship,
          chequers_ecumenical_altar_simple, minmay_statues_item
D:3:      wander_river, layout_rooms, hangedman_decor_push
D:4:      layout_rooms, lightli_temple_of_fire, kennysheep_mini,
          gammafunk_ghost_grave, first_ration, minmay_cut_off, uniq_robin
D:5:      layout_rooms, zin_statuary, grunt_dithmenos_smoke, lemuel_round_altar

Skill      XL: |  1  2  3  4  5  6  7 |
---------------+----------------------+-----
Stealth        | 6 7 8 9 10 | 10.0
Dodging        | 2 3 4 |  4.8
Fighting       | 2 3 |  3.0
Short Blades   | 3 4 5 |  5.0
Throwing       | 3 |  3.3
Slings         | 2 |  2.6

Action                   |  1- 3 |  4- 6 |  7- 9 || total
-------------------------+-------+-------+-------++-------
Melee: Dagger            |    94 |   178 |    86 ||   358
 Fire: Hunting sling     |       |       |    60 ||    60
Throw: Dart              |     8 |    22 |    24 ||    54
  Use: Scroll            |     5 |     7 |     1 ||    13
       Potion            |     1 |     5 |       ||     6
 Stab: Sleeping          |    15 |    16 |     3 ||    34
       Distracted        |       |       |     1 ||     1
  Eat: Ration            |       |     1 |     1 ||     2
Armor: Robe              |    14 |    12 |     3 ||    29
Dodge: Dodged            |    85 |   137 |   124 ||   346

Table legend:
 A = Non-vault XP
 B = Vault XP
 C = Vault XP percentage of total XP
 D = Non-vault monster count
 E = Vault monster count
 F = Vault count percentage of total count
                 A         B        C        D         E       F
            +---------+---------+-------+---------+---------+-------
      Total |    1061 |     263 |  19.9 |     103 |      17 |  14.2
            +---------+---------+-------+---------+---------+-------
        D:1 |      21 |       0 |   0.0 |      10 |       0 |   0.0
        D:2 |     149 |       1 |   0.7 |      32 |       1 |   3.0
        D:3 |      60 |       0 |   0.0 |      24 |       0 |   0.0
        D:4 |     638 |     262 |  29.1 |      31 |      16 |  34.0
        D:5 |     193 |       0 |   0.0 |       6 |       0 |   0.0
            +---------+---------+-------+---------+---------+-------
